 Dungeon Crawl Stone Soup version 0.27-a0-686-gaed091b46b (webtiles) character file.

Game seed: 8122133396484856259

30 porpoise the Sneak (level 3, -8/24 HPs)
             Began as an Octopode Hedge Wizard on Mar 20, 2021.
             Mangled by an ogre
             ... wielding a +0 giant club
              (19 damage)
             ... on level 2 of the Dungeon.
             The game lasted 00:06:47 (1245 turns).

porpoise the Sneak (Octopode Hedge Wizard)          Turns: 1245, Time: 00:06:48

Health: -8/24      AC:  1    Str:  9    XL:     3   Next: 20%
Magic:  7/7        EV: 13    Int: 17    God:
Gold:   66         SH:  0    Dex: 11    Spells: 2/8 levels left

rFire    . . .     SeeInvis .   a - +0 dagger
rCold    . . .     Faith    .   (no shield)
rNeg     . . .     Spirit   .   b - +0 hat
rPois    +         Reflect  .   d - amulet of regeneration
rElec    .         Harm     .   k - ring of poison resistance
rCorr    .         Rampage  .   (no ring)
Will     .....                  (no ring)
Stlth    +++.......             (no ring)
HPRegen  1.08/turn              (no ring)
MPRegen  0.10/turn              (no ring)
                                (no ring)
                                (no ring)

@: no status effects
A: almost no armour, amphibious, 8 rings, camouflage 1, gelatinous body 1,
nimble swimmer 1, tentacles
a: no special abilities


You were on level 2 of the Dungeon.
You visited 1 branch of the dungeon, and saw 2 of its levels.

You collected 66 gold pieces.

Inventory:

Hand Weapons
 a - a +0 dagger (weapon)
Missiles
 c - 43 stones
 e - 4 atropa-tipped darts (quivered)
 l - 4 poisoned darts
Armour
 b - a +0 hat (worn)
Jewellery
 d - an amulet of regeneration (around mantle)
 k - a ring of poison resistance (left tentacle)
Scrolls
 g - a scroll of magic mapping {unknown}
 h - a scroll of amnesia {unknown}
 i - a scroll of vulnerability {unknown}
 m - a scroll of teleportation {unknown}
Potions
 f - a potion of mutation {unknown}
 j - 2 potions of curing {unknown}


   Skills:
 + Level 1.8 Fighting
 - Level 2.0 Dodging
 + Level 4.0 Stealth
 - Level 3.0 Spellcasting
 - Level 1.0 Conjurations
 - Level 1.0 Summonings
 - Level 1.0 Translocations


You had 2 spell levels left.
You knew the following spells:

 Your Spells              Type           Power      Damage    Failure   Level
a - Magic Dart            Conj           20%        1d4       12%         1
k - Blink                 Tloc           N/A        N/A       17%         2
m - Mephitic Cloud        Conj/Pois/Air  3%         N/A       41%         3

Your spell library contained the following spells:

 Spells                   Type           Power      Damage    Failure   Level
 Call Imp                 Summ           5%         N/A       17%         2
 Slow                     Hex            2%         N/A       26%         2
 Sublimation of Blood     Necr           1%         N/A       26%         2
 Conjure Flame            Conj/Fire      4%         6-21      38%         3
 Ignite Poison            Fire/Tmut/Pois 2%         N/A       45%         3
 Petrify                  Tmut/Erth      2%         N/A       86%         4
 Irradiate                Conj/Tmut      2%         3d14      98%         5
 Alistair's Intoxication  Tmut/Pois      1%         N/A       99%         5
 Eringya's Noxious Bog    Tmut/Pois      1%         N/A       100%        6


Dungeon Overview and Level Annotations

Branches:
Dungeon (2/15)

Altars:


Innate Abilities, Weirdness & Mutations

You cannot wear most types of armour.
You are amphibious.
You can wear up to eight rings at the same time.
Your skin changes colour to match your surroundings (Stealth+).
Your rubbery body absorbs attacks. (AC +1, EV +1)
You are stealthy while swimming. (Stealth+)
You have tentacles for arms and can constrict up to eight enemies at once.


Message History

You throw a poisoned dart. The poisoned dart hits the worm.
The worm seems less confused.
A quokka and an ogre come into view.
You see here a rat corpse.
Throw: 9 darts (poison)
Press: ? - help, Q - select action, (/) - cycle Shift-Dir - straight line, f/p - worm
Aim: a worm (blind, 75% to hit)
You throw a poisoned dart. The poisoned dart hits the worm.
The worm is poisoned.
Throw: 8 darts (poison)
Press: ? - help, Q - select action, (/) - cycle Shift-Dir - straight line, f - ogre, p - worm
Aim: an ogre, wielding a +0 giant club (asleep, 98% to hit)
You throw a poisoned dart. The poisoned dart hits the ogre.
The ogre is poisoned.
The ogre shouts!
Throw: 7 darts (poison)
Press: ? - help, Q - select action, (/) - cycle Shift-Dir - straight line, f/p - ogre
Aim: an ogre, wielding a +0 giant club (lightly wounded, poisoned, 71% to hit)
You throw a poisoned dart. The poisoned dart hits the ogre.
The ogre looks even sicker.
The ogre is lightly wounded.
Throw: 6 darts (poison)
Press: ? - help, Q - select action, (/) - cycle Shift-Dir - straight line, f - worm, p - ogre
Aim: a worm (lightly wounded, wandering, blind, poisoned, hasn't noticed you, 75% to hit)
You throw a poisoned dart. The poisoned dart hits the worm.
The worm is lightly wounded.
Throw: 5 darts (poison)
Press: ? - help, Q - select action, (/) - cycle Shift-Dir - straight line, f - ogre
Aim: an ogre, wielding a +0 giant club (lightly wounded, very poisoned, 71% to hit)
You throw a poisoned dart. The poisoned dart hits the ogre.
The ogre is lightly wounded.
You hit the ogre. Your squeeze misses the ogre.
The ogre is lightly wounded.
The ogre hits you with a +0 giant club!
Ouch! That really hurt!
You hit the ogre but do no damage.
The ogre is lightly wounded.
The ogre hits you with a +0 giant club!!
Ouch! That really hurt!
You die...

........#
.......#.#####
......[.#
.....(#......
........#
r(...#....(.
'##.....#
........(..
[##.....#
.((........
.##.#..##
...(.......
.##.#..#
#.#........
###.#..# #.#O# #
.# .# #.#@###.##
######........#
.........)....#
#########.......#
.........#+###.##
########.# .#
..#.# #
########## #.#.#
.........#
#.#.######


You could see an ogre (poisoned).

Vanquished Creatures
  An ooze (D:1)
  A worm (D:2)
  A leopard gecko (D:2)
  A giant cockroach (D:1)
  A goblin (D:1)
  2 hobgoblins
  4 jackals (D:1)
  3 kobolds (D:1)
  A quokka (D:1)
  2 bats (D:1)
  4 rats
21 creatures vanquished.

Notes
Turn   | Place    | Note
-------+----------+-------------------------------------------
     0 | D:1      | porpoise the Octopode Hedge Wizard began the quest for the
                  | Orb.
     0 | D:1      | Reached XP level 1. HP: 11/11 MP: 4/4
   141 | D:1      | Reached skill level 3 in Stealth
   412 | D:1      | Reached skill level 1 in Fighting
   412 | D:1      | Reached XP level 2. HP: 18/18 MP: 6/6
  1152 | D:2      | Reached skill level 4 in Stealth
  1152 | D:2      | Reached XP level 3. HP: 24/24 MP: 7/7
  1173 | D:2      | Learned a level 2 spell: Blink
  1177 | D:2      | Learned a level 3 spell: Mephitic Cloud
  1236 | D:2      | Noticed an ogre
  1245 | D:2      | Mangled by an ogre

Illustrated notes

Levels and vault maps discovered:
D:1:      elethiomel_arrival_maze, layout_basic, skrybe_limestone_x,
          minmay_tall_x
D:2:      layout_basic

Skill      XL: |  1  2 |
---------------+-------+-----
Stealth        | 3 4 |  4.0
Fighting       | 1 |  1.8
Dodging        | |  2.0
Spellcasting   | |  3.0
Conjurations   | |  1.0
Summonings     | |  1.0
Translocations | |  1.0

Action                   || total
-------------------------++-------
Melee: Dagger            ||    54
       Constrict         ||    13
       Tentacles         ||    10
Throw: Dart              ||    13
 Cast: Magic Dart        ||     7
 Stab: Sleeping          ||     3
Armor: Skin              ||     5
Dodge: Dodged            ||    39

Table legend: (Time is in decaauts)
 A = Elapsed time spent in this place.
 B = Non-inter-level travel time spent in this place.
 C = Inter-level travel time spent in this place.
 D = Time resting spent in this place.
 E = Time spent auto-exploring this place.
 F = Levels seen in this place.
 G = Mean time per level.
                   A        B        C        D        E       F      G
               +--------+--------+--------+--------+--------+-----+--------+
         Total |   1243 |   1225 |     18 |    147 |    892 |   2 |  621.5 |
       Dungeon |   1243 |   1225 |     18 |    147 |    892 |   2 |  621.5 |
               +--------+--------+--------+--------+--------+-----+--------+

Top non-repeatable levels by time:
     D:1: 1045 daAuts
     D:2: 197 daAuts
